 Seeded DCSS version 0.31-a0-325-g067879e3d3 (webtiles) character file.

Game seed: 14215367866634240820 (custom seed)

56 innerfire43 the Chopper (level 3, 0/29 HPs)
             Began as a Demonspawn Monk on July 18, 2023.
             Slain by a gnoll
             ... wielding a +0 club
              (3 damage)
             ... on level 2 of the Dungeon.
             The game lasted 00:01:17 (1183 turns).

innerfire43 the Chopper (Demonspawn Monk)           Turns: 1183, Time: 00:01:18

Health: 0/29       AC:  5    Str: 13    XL:     3   Next: 69%
Magic:  3/3        EV: 13    Int: 11    God:
Gold:   55         SH:  0    Dex: 15    Spells: 2/2 levels left

rFire   . . .        a - +0 hand axe
rCold   . . .        d - orb {light}
rNeg    . . .        b - +0 robe
rPois   .            j - +2 helmet
rElec   .            (no cloak)
rCorr   .            (no gloves)
SInv    .            (no boots)
Will    .....        (no amulet)
Stlth   +            (no ring)
HPRegen 0.24/turn    (no ring)
MPRegen 0.08/turn

%: no passive effects
@: glowing
A: demonic guardian 1
a: no special abilities


You were on level 2 of the Dungeon.
You visited 1 branch of the dungeon, and saw 2 of its levels.

You collected 55 gold pieces.

Inventory:

Hand Weapons
 a - a +0 hand axe (weapon)
Missiles
 g - a silver javelin (quivered)
Armour
 b - a +0 robe (worn)
 d - an orb of light (worn)
 j - a +2 helmet (worn)
Scrolls
 c - a scroll of fog {unknown}
 e - a scroll of enchant weapon {unknown}
 i - a scroll of amnesia {unknown}
Potions
 f - a potion of curing {unknown}


   Skills:
 - Level 3.0 Fighting
 * Level 3.5 Axes
 * Level 3.5 Dodging


You had 2 spell levels left.
You didn't know any spells.
Your spell library was empty.

Dungeon Overview and Level Annotations

Branches:
Dungeon (2/15)

Altars:


Innate Abilities, Weirdness & Mutations

A weak demonic guardian rushes to your aid.


Message History

The gnoll hits you with a +0 club.
The gnoll hits your iron imp with a +0 spear!
The gnoll hits you with a +0 club.
Your iron imp hits the gnoll.
The gnoll dies!
You hit the gnoll but do no damage.
The gnoll is heavily wounded.
You hit the gnoll. The gnoll hits you with a +0 club. x2
* * * LOW HITPOINT WARNING * * *
Your iron imp closely misses the gnoll.
You are confused.
You feel invigorated. The gnoll barely misses you.
The gnoll hits your iron imp with a +0 club.
Your iron imp dies!
Your iron imp disappears in a puff of smoke!
The gnoll hits you but does no damage.
You're too confused to move!
The gnoll closely misses you. The gnoll hits you with a +0 club.
You bump into the rock wall.
The gnoll hits you with a +0 club. The gnoll barely misses you.
The gnoll hits you with a +0 club.
* * * LOW HITPOINT WARNING * * *
You're too confused to move!
You feel less invigorated.
You feel less confused. The gnoll hits you with a +0 club.
* * * LOW HITPOINT WARNING * * *
The gnoll misses you. x2
Unknown command.
You barely miss the gnoll.
The gnoll is almost dead.
You hit the gnoll. You hit the gnoll but do no damage.
The gnoll hits you with a +0 club.
* * * LOW HITPOINT WARNING * * *
The gnoll closely misses you. The gnoll hits you but does no damage.
Unknown command.
You barely miss the gnoll.
The gnoll is almost dead.
You hit the gnoll. x2; The gnoll barely misses you.
The gnoll hits you with a +0 club.
* * * LOW HITPOINT WARNING * * *
The gnoll hits you with a +0 club.
You die...

########
.....(. .....
##### ....
#....##..##
#....##...#
###.....#)# #
#.......#g#(##
#......@g..#
##.......g..#
##...........#
#
##......#####.#
## ###.......#
..#
.####....#....#
.#
......#...#####
.#
...........##
#...........#


You could see 3 gnolls.

Vanquished Creatures
  A dart slug (D:1)
  3 ball pythons (D:1)
  4 endoplasms
  A giant cockroach (D:1)
  3 goblins (D:1)
  3 hobgoblins
  6 jackals (D:1)
  2 kobolds (D:1)
  4 quokkas (D:1)
  3 bats
  2 frilled lizards (D:1)
  2 rats (D:1)
34 creatures vanquished.

Vanquished Creatures (collateral kills)
  A gnoll (D:2)
  An endoplasm (D:1)
  A goblin (D:2)
3 creatures vanquished.

Grand Total: 37 creatures vanquished

Notes
Turn   | Place    | Note
-------+----------+-------------------------------------------
     0 | D:1      | innerfire43 the Demonspawn Monk began the quest for the
                  | Orb.
     0 | D:1      | Reached XP level 1. HP: 18/18 MP: 1/1
    56 | D:1      | Gained mutation: A weak demonic guardian rushes to your
                  | aid. [demonic ancestry]
    56 | D:1      | Reached XP level 2. HP: 12/24 MP: 2/2
   513 | D:1      | Reached XP level 3. HP: 29/29 MP: 3/3
  1183 | D:2      | Slain by a gnoll

Illustrated notes

Levels and vault maps discovered:
D:1:      dpeg_arrival_castle, layout_basic, serial_forest,
          infiniplex_forest_straight_2, infiniplex_forest_straight_3,
          infiniplex_forest_clump_double, infiniplex_forest_lined_1,
          infiniplex_forest_clump_small, infiniplex_forest_straight_2,
          infiniplex_forest_lined_3_way
D:2:      layout_rooms

Skill      XL: |  1 |
---------------+----+-----
Axes           | 3 |  3.5
Dodging        | 3 |  3.5
Fighting       | |  3.0

Action                     || total
---------------------------++-------
  Melee: Hand axe          ||    82
  Throw: Javelin           ||     4
    Use: Potion            ||     2
 Armour: Robe              ||    11
  Dodge: Dodged            ||   102

Table legend: (Time is in decaauts)
 A = Elapsed time spent in this place.
 B = Non-inter-level travel time spent in this place.
 C = Inter-level travel time spent in this place.
 D = Time resting spent in this place.
 E = Time spent auto-exploring this place.
 F = Levels seen in this place.
 G = Mean time per level.
                   A        B        C        D        E       F      G
               +--------+--------+--------+--------+--------+-----+--------+
         Total |   1203 |   1126 |     77 |      0 |    920 |   2 |  601.5 |
       Dungeon |   1203 |   1126 |     77 |      0 |    920 |   2 |  601.5 |
               +--------+--------+--------+--------+--------+-----+--------+

Top non-repeatable levels by time:
     D:1: 1085 daAuts
     D:2: 117 daAuts
